 Dungeon Crawl Stone Soup version 0.29-a0-824-gd827844252 (webtiles) character file.

Game seed: 14402037083213587780

273 Malachi the Slasher (level 6, -5/47 HPs)
             Began as a Demonspawn Gladiator on July 9, 2022.
             Was a Priest of Jiyva.
             Slain by Duvessa
             ... wielding a +0 short sword
              (16 damage)
             ... on level 4 of the Dungeon.
             The game lasted 00:03:12 (2344 turns).

Malachi the Slasher (Demonspawn Gladiator)          Turns: 2344, Time: 00:03:12

Health: -5/47      AC:  6    Str: 23    XL:     6   Next: 3%
Magic:  4/6        EV: 13    Int:  7    God:    Jiyva [***...]
Gold:   134        SH:  0    Dex: 14    Spells: 5/5 levels left

rFire   + . .      SeeInvis .   a - +0 long sword
rCold   . . .      Faith    .   (no shield)
rNeg    . . .      Spirit   .   b - +0 leather armour
rPois   .          Reflect  .   (helmet restricted)
rElec   .          Harm     .   (no cloak)
rCorr   +          Rampage  .   (no gloves)
Will    .....                   t - +2 pair of boots
Stlth   +.........              (no amulet)
HPRegen 1.27/turn               (no ring)
MPRegen 0.45/turn               (no ring)

@: calling ooze
A: horns 2, spiny 1, fire resistance 1, strong 2, acidic bite
a: Renounce Religion, Oozemancy


You were on level 4 of the Dungeon.
You worshipped Jiyva.
Jiyva was most pleased with you.
You visited 1 branch of the dungeon, and saw 4 of its levels.

You collected 134 gold pieces.

Inventory:

Hand Weapons
 a - a +0 long sword (weapon)
Missiles
 d - 3 throwing nets (quivered)
 e - a javelin
Armour
 b - a +0 leather armour (worn)
 t - a +2 pair of boots (worn)
Scrolls
 c - a scroll of noise {unknown}
 i - 3 scrolls of vulnerability {unknown}
 k - 2 scrolls of teleportation {unknown}
 m - a scroll of amnesia {unknown}
 n - a scroll of fog {unknown}
 o - 3 scrolls of identify {unknown}
 p - a scroll of fear {unknown}
 q - a scroll of enchant weapon {unknown}
 s - a scroll of silence {unknown}
Potions
 f - a potion of invisibility {unknown}
 g - a potion of curing {unknown}
 h - 2 potions of heal wounds {unknown}
 j - a potion of brilliance {unknown}
 l - 2 potions of magic {unknown}
 r - a potion of lignification {unknown}


   Skills:
 + Level 3.0 Fighting
 + Level 4.5 Long Blades
 + Level 2.0 Throwing
 + Level 1.8 Armour
 + Level 3.4 Dodging
 + Level 1.1 Stealth


You had 5 spell levels left.
You didn't know any spells.
Your spell library contained the following spells:

 Spells                   Type           Power      Damage    Failure   Level
 Freezing Cloud           Conj/Ice/Air   0%         6-21      100%        5
 Simulacrum               Ice/Necr       0%         N/A       100%        6
 Polar Vortex             Ice            0%         N/A       100%        9


Dungeon Overview and Level Annotations

Branches:
Dungeon (4/15)             Temple (0/1) D:4

Altars:
Fedhas
Qazlal
Jiyva

Annotations:
D:4 Duvessa


Innate Abilities, Weirdness & Mutations

You have a pair of horns on your head.
You are partially covered in sharp spines.
Your flesh is heat resistant. (rF+)
Your muscles are very strong. (Str +8, Int/Dex -2)
You have acidic saliva.


Message History

You barely miss the adder.
The adder is almost dead.
The adder closely misses you.
You hit the adder but do no damage.
The adder is almost dead.
The adder barely misses you. The adder bites you but does no damage.
You miss the adder.
The adder is almost dead.
The adder barely misses you.
You miss the adder. Your headbutt misses the adder. Your bite misses the adder.
The adder is almost dead.
The adder completely misses you. The adder bites you.
You slash the adder!
You kill the adder!
Jiyva says: Divide and consume!
You have reached level 6!
Your demonic ancestry asserts itself...
Sharp spines emerge from parts of your body.
You now have 134 gold pieces (gained 9).
Found a dagger.
Duvessa, Sister of Dowan comes into view.
She is wielding a +0 short sword and wearing a +0 leather armour of willpower.
Duvessa is nearby!
Duvessa is nearby!
Duvessa shouts!
Duvessa goes berserk!
Duvessa hits you with a +0 short sword! Duvessa hits you with a +0 short sword!
Duvessa misses you. Duvessa is struck by your spines.
Duvessa closely misses you.
Activating: Oozemancy (16% risk of failure)
Press: ? - help, Dir - look around, f - activate Slime begins to ooze from the nearby walls!
The walls burn Duvessa!
Duvessa barely misses you.
The walls burn Duvessa!
Duvessa hits you with a +0 short sword!
You slash Duvessa!
Duvessa is heavily wounded.
The walls burn Duvessa!
Duvessa hits you with a +0 short sword!
* * * LOW HITPOINT WARNING * * *
The walls burn Duvessa!
Duvessa hits you with a +0 short sword!
You die...

#...##.....#....#
#....#....########
#.#........# ##_##
##..........# 8...8
#...........##.....
#.......#...#8.....
##..........#
#..........#
#@.........#
#e.........#
#.)........#
##.........#
#..........#
#..........####
####...........
#...........
#........J...


You could see Duvessa (berserk).

Vanquished Creatures
  An ogre (D:4)
  2 hounds (D:4)
  2 iguanas (D:4)
  5 adders
  A shadow imp (D:3)
  4 worms
  2 orcs (D:3)
  7 ball pythons
  A bat (D:2)
  5 giant cockroaches
  A hobgoblin (D:3)
  2 kobolds
  5 quokkas
  3 frilled lizards
  4 goblins
  7 rats
  A spectral goblin (D:1)
53 creatures vanquished.

Vanquished Creatures (others)
  Dowan (D:4)
  2 jellies (D:4)
  2 endoplasms
  A goblin (D:4)
  4 ball pythons
  2 kobolds (D:4)
  8 fungi (D:4)
  83 plants (D:1)
  4 toadstools (D:4)
107 creatures vanquished.

Grand Total: 160 creatures vanquished

Notes
Turn   | Place    | Note
-------+----------+-------------------------------------------
     0 | D:1      | Malachi the Demonspawn Gladiator began the quest for the
                  | Orb.
     0 | D:1      | Reached XP level 1. HP: 16/16 MP: 1/1
   320 | D:1      | Gained mutation: You have a pair of small horns on your
                  | head. [demonic ancestry]
   320 | D:1      | Reached XP level 2. HP: 21/22 MP: 2/2
   321 | D:1      | Reached skill level 3 in Long Blades
   457 | D:1      | Found a faded altar of an unknown god.
   478 | D:1      | Prayed at the altar of an unknown god.
   478 | D:1      | Became a worshipper of Jiyva Jeoregue the Shapeless
   478 | D:1      | Reached * piety under Jiyva
   863 | D:2      | Gained mutation: You have a pair of horns on your head.
                  | [demonic ancestry]
   863 | D:2      | Reached XP level 3. HP: 27/27 MP: 3/3
  1367 | D:2      | Reached ** piety under Jiyva
  1511 | D:3      | Found a stormy altar of Qazlal.
  1690 | D:3      | Reached skill level 1 in Armour
  1693 | D:3      | Reached XP level 4. HP: 22/34 MP: 4/4
  1751 | D:3      | Reached *** piety under Jiyva
  1850 | D:3      | Gained mutation: Your muscles are strong. (Str +4, Int/Dex
                  | -1) [Jiyva's grace]
  1850 | D:3      | Gained mutation: Your muscles are very strong. (Str +8,
                  | Int/Dex -2) [Jiyva's grace]
  1850 | D:3      | Gained mutation: You have acidic saliva. [Jiyva's grace]
  1850 | D:3      | Gained mutation: Your flesh is heat resistant. (rF+)
                  | [Jiyva's grace]
  2067 | D:4      | Reached skill level 1 in Stealth
  2067 | D:4      | Reached XP level 5. HP: 24/39 MP: 5/5
  2105 | D:4      | Found a staircase to the Ecumenical Temple.
  2127 | D:4      | Noticed an ogre
  2134 | D:4      | Killed an ogre
  2135 | D:4      | Reached skill level 4 in Long Blades
  2228 | D:4      | Killed Dowan
  2283 | D:4      | Found a blossoming altar of Fedhas.
  2299 | D:4      | Gained mutation: You are partially covered in sharp spines.
                  | [demonic ancestry]
  2299 | D:4      | Reached XP level 6. HP: 47/47 MP: 6/6
  2333 | D:4      | Noticed Duvessa
  2344 | D:4      | Slain by Duvessa

Illustrated notes

Levels and vault maps discovered:
D:1:      roderic_crop_circles_arrival_large, layout_rooms,
          dreamdust_ecumenical_altar_drowned_temple
D:2:      layout_basic
D:3:      layout_basic, nicolae_qazlal_eye_of_the_storm
D:4:      layout_cave_pods, nicolae_overflow_hidden_temple,
          minmay_temple_entry_grid, cheibrodos_sewer_entry_bend,
          minmay_gold_behind_fungi, uniq_duvessa

Skill      XL: |  1  2  3  4  5 |
---------------+----------------+-----
Long Blades    | 3 4 |  4.5
Throwing       | 2 |  2.0
Dodging        | 3 |  3.4
Armour         | 1 |  1.8
Stealth        | 1 |  1.1
Fighting       | 3 |  3.0

Action                   |  1- 3 |  4- 6 || total
-------------------------+-------+-------++-------
Melee: Long sword        |    87 |    66 ||   153
       Headbutt          |     9 |     8 ||    17
       Bite              |       |     4 ||     4
       Punch             |       |     1 ||     1
Invok: Oozemancy         |       |     2 ||     2
 Stab: Sleeping          |     2 |       ||     2
Armor: Leather armour    |    23 |    15 ||    38
Dodge: Dodged            |    58 |    61 ||   119

Table legend: (Time is in decaauts)
 A = Elapsed time spent in this place.
 B = Non-inter-level travel time spent in this place.
 C = Inter-level travel time spent in this place.
 D = Time resting spent in this place.
 E = Time spent auto-exploring this place.
 F = Levels seen in this place.
 G = Mean time per level.
                   A        B        C        D        E       F      G
               +--------+--------+--------+--------+--------+-----+--------+
         Total |   2386 |   2324 |     62 |    161 |   1667 |   4 |  596.5 |
       Dungeon |   2386 |   2324 |     62 |    161 |   1667 |   4 |  596.5 |
               +--------+--------+--------+--------+--------+-----+--------+

Top non-repeatable levels by time:
     D:1: 822 daAuts
     D:3: 625 daAuts
     D:2: 615 daAuts
     D:4: 323 daAuts
